 Dungeon Crawl Stone Soup version 0.30-a0-629-gd54f4be4f7 (webtiles) character file.

Game seed: 4951638730858688401

35 elagabalus the Magician (level 3, 3/25 HPs)
             Began as a Djinni Venom Mage on Jan 13, 2023.
             Quit the game on level 2 of the Dungeon.
             The game lasted 00:07:10 (567 turns).

elagabalus the Magician (Djinni Venom Mage)          Turns: 567, Time: 00:07:11

Health: 3/25       AC:  2    Str:  7    XL:     3   Next: 55%
Gold:   59         EV: 12    Int: 18    God:
                   SH:  0    Dex: 13

rFire   + + .      SeeInvis .    h - +1 short sword
rCold   x . .      Faith    .    (no shield)
rNeg    . . .      Spirit   .    a - +0 robe
rPois   ∞          Reflect  .    (no helmet)
rElec   .          Harm     .    (no cloak)
rCorr   .          Rampage  .    (no gloves)
Will    .....                    (boots unavailable)
Stlth   ++                       (no amulet)
HPRegen 0.24/turn                (no ring)
MPRegen 0.00/turn                (no ring)

@: flying
A: sickness immunity, fire resistance 2, cold vulnerability 1, float, innate
caster, HP casting, extra vitality 1
a: no special abilities


You were on level 2 of the Dungeon.
You visited 1 branch of the dungeon, and saw 2 of its levels.

You collected 59 gold pieces.

Inventory:

Hand Weapons
 h - a +1 short sword (weapon)
Armour
 a - a +0 robe (worn)
Scrolls
 e - 2 scrolls of enchant weapon
Potions
 b - a potion of magic
 c - a potion of flight
 d - a potion of ambrosia {unknown}
 g - a potion of brilliance {unknown}


   Skills:
 - Level 2.1 Dodging
 - Level 1.5 Stealth
 * Level 3.4 Spellcasting


You couldn't memorise any spells.
You knew the following spells:

 Your Spells              Type           Power      Damage    Failure   Level
a - Sting                 Tmut/Pois      60%        1d6       3%          1
b - Poisonous Vapours     Pois/Air       30%        N/A       6%          2
c - Mephitic Cloud        Conj/Pois/Air  15%        N/A       12%         3
d - Olgreb's Toxic Radia  Pois           15%        N/A       36%         4
e - Magic Dart            Conj           60%        1d6       3%          1
Your spell library was empty.

Dungeon Overview and Level Annotations

Branches:
Dungeon (2/15)

Altars:


Innate Abilities, Weirdness & Mutations

You are immune to sickness and miasma.
You are immune to poison.
Your flesh is very heat resistant. (rF++)
You are vulnerable to cold. (rC-)
You float through the air rather than walking.
You learn spells naturally, not from books.
Your magical power is your life essence.
You have superior vitality. (+4 MHP)


Message History

Press: ? - help, Q - select action, (/) - cycle Dir - move target, f/p - hobgoblin
Aim: a hobgoblin (very poisoned) Poisonous vapours surround the hobgoblin!
The hobgoblin looks even sicker.
The worm looks more healthy.
The hobgoblin misses you. The hobgoblin attacks as you move away!
The hobgoblin hits you. The hobgoblin attacks as you move away!
The hobgoblin hits you. The hobgoblin attacks as you move away!
The hobgoblin hits you.
You kill the hobgoblin!
You see here a hobgoblin corpse.
Aiming: Poisonous Vapours (safe; 6% risk of failure)
Press: ? - help, Q - select action, (/) - cycle Dir - move target, f - worm
Aim: a worm Poisonous vapours surround the worm!
The worm is poisoned.
Aiming: Poisonous Vapours (safe; 6% risk of failure)
Press: ? - help, Q - select action, (/) - cycle Dir - move target, f/p - worm
Aim: a worm (lightly wounded, poisoned) Poisonous vapours surround the worm!
The worm looks even sicker.
Aiming: Poisonous Vapours (safe; 6% risk of failure)
Press: ? - help, Q - select action, (/) - cycle Dir - move target, f/p - worm
Aim: a worm (lightly wounded, very poisoned) Poisonous vapours surround the worm!
The worm looks even sicker.
* * * LOW HITPOINT WARNING * * *
Aiming: Poisonous Vapours (safe; 6% risk of failure)
Press: ? - help, Q - select action, (/) - cycle Dir - move target, f/p - worm
Aim: a worm (heavily wounded, poisoned) Poisonous vapours surround the worm!
The worm looks even sicker.
You hit the worm.
The worm is almost dead.
Aiming: Poisonous Vapours (safe; 6% risk of failure)
Press: ? - help, Q - select action, (/) - cycle Dir - move target, f/p - worm
Aim: a worm (almost dead, poisoned) Poisonous vapours surround the worm!
The worm looks even sicker.
The worm bites you.
You barely miss the worm.
The worm is almost dead.
The worm bites you.
* * * LOW HITPOINT WARNING * * *
You kill the worm!
Are you sure you want to abandon this character and quit the game? (Confirm with "yes".)

*** *,* ********* #.* *,,,,,,,,
..# *,,,,,,,, #.# ********* #.#
############## *,,,,,,,, #.#
#............# *,****,,, #.##
#.#.......@..# ***+*,,,,,,
...####.#....##########,,,,,**,,,
.............'........#,,,,,**,,,
....###†#....########.#,,,,,**,,,
............†.......#.#**+*,**,*,
......#..........##.#.# *,*,**,*,
+#+##.#...######.##,*.# *,*,**,*,
,,,,.#####..#<....#,*.#**,*,**,*,
,,,..,^8^...............,,,,>*,*,


There were no monsters in sight!

Vanquished Creatures
  An adder (D:2)
  A worm (D:2)
  A dart slug (D:1)
  2 endoplasms (D:1)
  3 goblins (D:1)
  5 hobgoblins
  A kobold (D:1)
  A quokka (D:1)
  2 ball pythons (D:1)
  2 rats (D:1)
19 creatures vanquished.

Vanquished Creatures (others)
  A plant (D:1)
  2 withered plants (D:1)
3 creatures vanquished.

Grand Total: 22 creatures vanquished

Notes
Turn   | Place    | Note
-------+----------+-------------------------------------------
     0 | D:1      | elagabalus the Djinni Venom Mage began the quest for the
                  | Orb.
     0 | D:1      | elagabalus set off with the following spells memorised:
                  | Sting, Poisonous Vapours, Mephitic Cloud, Olgreb's Toxic
                  | Radiance.
     0 | D:1      | Reached XP level 1. HP: 15/15 MP: 0/0
   117 | D:1      | Reached XP level 2. HP: 2/21 MP: 0/0
   241 | D:1      | Found a faded altar of an unknown god.
   291 | D:1      | Reached skill level 3 in Spellcasting
   392 | D:1      | Reached XP level 3. HP: 14/25 MP: 0/0
   392 | D:1      | Learned a level 1 spell: Magic Dart
   567 | D:2      | Quit the game

Illustrated notes

Levels and vault maps discovered:
D:1:      dpeg_arrival_pond, layout_rooms, shapermc_ecumenical_altar_flowoftime,
          due_unseen_surprise
D:2:      layout_basic, corexii_shack, ebering_dispersal_statue_hall,
          minmay_tiny_reverse_x

Skill      XL: |  1  2 |
---------------+-------+-----
Spellcasting   | 3 |  3.4
Dodging        | |  2.1
Stealth        | |  1.5

Action                   || total
-------------------------++-------
Melee: Short sword       ||    23
 Cast: Sting             ||    31
       Poisonous Vapours ||     9
  Use: Scroll            ||     3
Armor: Robe              ||     4
Dodge: Dodged            ||    11

Table legend: (Time is in decaauts)
 A = Elapsed time spent in this place.
 B = Non-inter-level travel time spent in this place.
 C = Inter-level travel time spent in this place.
 D = Time resting spent in this place.
 E = Time spent auto-exploring this place.
 F = Levels seen in this place.
 G = Mean time per level.
                   A        B        C        D        E       F      G
               +--------+--------+--------+--------+--------+-----+--------+
         Total |    566 |    196 |    370 |      0 |      0 |   2 |  283.0 |
       Dungeon |    566 |    196 |    370 |      0 |      0 |   2 |  283.0 |
               +--------+--------+--------+--------+--------+-----+--------+

Top non-repeatable levels by time:
     D:1: 475 daAuts
     D:2: 90 daAuts
